 Dungeon Crawl Stone Soup version 0.22.1-2-g9c5b331383 (webtiles) character file.

206 Marnok the Stinger (level 5, -1/42 HPs)
             Began as a Deep Elf Venom Mage on Nov 22, 2018.
             Killed by divine providence
             ... invoked by an orc priest
              (14 damage)
             ... on level 3 of the Dungeon.
             The game lasted 00:30:16 (3192 turns).

Marnok the Stinger (Deep Elf Venom Mage)            Turns: 3192, Time: 00:30:16

Health: -1/42      AC: 22    Str:  5    XL:     5   Next: 53%
Magic:  4/13       EV:  2    Int: 21    God:
Gold:   63         SH:  0    Dex: 15    Spells: 11/12 levels left

rFire    + . .     SeeInvis +   u - +0 falchion
rCold    . . .     Gourm    +   (no shield)
rNeg     + + +     Faith    .   (armour currently unavailable)
rPois    +         Spirit   .   (helmet currently unavailable)
rElec    .         Reflect  .   (cloak currently unavailable)
rCorr    .         Harm     .   (gloves currently unavailable)
MR       .....     NoTele   +   (boots currently unavailable)
Stlth    ++........             k - amulet of the gourmand
HPRegen  0.14/turn              z - ring of see invisible
MPRegen  0.13/turn              q - ring of protection from fire

@: tree-form
A: deterioration 1, evolution 1, MP-powered wands
a: no special abilities


You were on level 3 of the Dungeon.
You were not hungry.
You were a tree.
You visited 1 branch of the dungeon, and saw 4 of its levels.

You collected 63 gold pieces.

Inventory:

Hand Weapons
 f - a +0 club
 u - a +0 falchion (weapon)
 x - a +2 hunting sling of freezing
Missiles
 b - 18 stones (quivered)
 h - 2 tomahawks
 l - 38 sling bullets
 o - 12 bolts
 t - 4 javelins
Armour
 a - a +0 robe
 d - a +0 leather armour
 v - a +0 animal skin
 w - a +0 helmet (melded)
 y - a +0 cloak (melded)
 A - a +1 ring mail (melded)
Jewellery
 k - an amulet of the gourmand (around neck)
 p - an uncursed ring of resist corrosion
 q - a ring of protection from fire (right branch)
 z - a ring of see invisible (left branch)
Scrolls
 e - a scroll of magic mapping
 i - 2 scrolls of enchant weapon
 j - a scroll of identify
 n - 2 scrolls of remove curse
Comestibles
 c - 2 rations


   Skills:
 + Level 0.5 Maces & Flails
 + Level 3.1 Dodging
 + Level 3.0 Stealth
 + Level 1.0 Unarmed Combat
 + Level 4.1 Spellcasting
 + Level 2.1 Conjurations
 + Level 5.1 Poison Magic


You had 11 spell levels left.
You knew the following spells:

 Your Spells              Type           Power        Failure   Level  Hunger
a - Sting                 Conj/Pois      ###.         2%          1    None

Your spell library contained the following spells:

 Spells                   Type           Power        Failure   Level  Hunger
 Poisonous Vapours        Pois/Air       ###...       6%          2    #......
 Mephitic Cloud           Conj/Pois/Air  ##......     13%         3    ###....
 Olgreb's Toxic Radiance  Pois           ####....     14%         4    ####...
 Venom Bolt               Conj/Pois      ###.......   58%         5    ######.


Dungeon Overview and Level Annotations

Branches:
Dungeon (4/15)
 Temple: D:4-7

Altars:


Innate Abilities, Weirdness & Mutations

((You have large cloven feet.))
Your body sometimes deteriorates upon taking damage.
You evolve.
You expend magic power (3 MP) to strengthen your wands.


Message History

The sting hits the orc priest.
The orc priest looks even sicker.
The orc priest is heavily wounded.
The orc priest hits you but does no damage.
Casting: Sting (safe; 2% risk of failure)
Confirm with . or Enter, or press ? or * to list all spells.
Aiming: Sting (safe; 2% risk of failure)
Press: ? - help, Shift-Dir - straight line, f/p - orc priest
Aim: an orc priest, wielding a club and wearing a ring mail (severely wounded, The sting hits the orc priest.
The orc priest looks even sicker.
The orc priest is severely wounded.
The orc priest hits you but does no damage.
Casting: Sting (safe; 2% risk of failure)
Confirm with . or Enter, or press ? or * to list all spells.
Aiming: Sting (safe; 2% risk of failure)
Press: ? - help, Shift-Dir - straight line, f/p - orc priest
Aim: an orc priest, wielding a club and wearing a ring mail (severely wounded, The sting misses the orc priest.
The orc priest calls down the wrath of Beogh upon you.
Beogh smites you!
You die...

.. #. #. #. #. ##
#. ...
#.#.##############
....
#...o♣...........#
.....
###.############.#
#...... ?.. #.#
oK.# #... #.# ##.#
#... #.# .... #.#
.#... #.# #.##o#
#.# #.#


You could see an orc priest.

Vanquished Creatures
  Terence (D:2)
  Robin (D:2)
  5 gnolls
  7 adders
  2 worms (D:2)
  A dart slug (D:2)
  A leopard gecko (D:3)
  An orc (D:3)
  2 giant cockroaches (D:2)
  7 goblins
  14 hobgoblins
  2 quokkas
  A ball python (D:2)
  4 bats
  2 frilled lizards (D:1)
  4 kobolds
  5 rats
60 creatures vanquished.

Notes
Turn   | Place    | Note
-------+----------+-------------------------------------------
     0 | D:1      | Marnok the Deep Elf Venom Mage began the quest for the Orb.
     0 | D:1      | Reached XP level 1. HP: 10/10 MP: 6/6
   302 | D:1      | Reached XP level 2. HP: 15/15 MP: 4/8
   687 | D:2      | Reached skill level 1 in Unarmed Combat
   693 | D:2      | Reached XP level 3. HP: 19/19 MP: 4/9
   722 | D:2      | Noticed Terence
   853 | D:2      | Killed Terence
   853 | D:2      | Reached skill level 4 in Poison Magic
   874 | D:2      | Found a faded altar of an unknown god.
   892 | D:2      | Reached XP level 4. HP: 24/24 MP: 8/11
  1951 | D:2      | Noticed Robin
  1965 | D:2      | Killed Robin
  1965 | D:2      | Reached XP level 5. HP: 28/28 MP: 4/12
  2238 | D:1      | Gained mutation: You have large cloven feet. [potion of
                  | mutation]
  2238 | D:1      | Gained mutation: Your body sometimes deteriorates upon
                  | taking damage. [potion of mutation]
  2238 | D:1      | Gained mutation: You evolve. [potion of mutation]
  2238 | D:1      | Gained mutation: You expend magic power (3 MP) to
                  | strengthen your wands. [potion of mutation]
  2422 | D:2      | Reached skill level 5 in Poison Magic
  3192 | D:3      | Killed from afar by an orc priest

Skill      XL: |  1  2  3  4  5 |
---------------+----------------+-----
Unarmed Combat | 1 |  1.0
Dodging        | 3 |  3.1
Poison Magic   | 4 5 |  5.1
Conjurations   | 2 |  2.1
Stealth        | 3 |  3.0
Spellcasting   | 4 |  4.1
Maces & Flails | |  0.5

Action                   |  1- 3 |  4- 6 || total
-------------------------+-------+-------++-------
Melee: Unarmed           |     2 |       ||     2
       Club              |    27 |    29 ||    56
       Falchion          |       |    23 ||    23
       Kick              |       |     3 ||     3
       Punch             |       |     1 ||     1
 Cast: Sting             |    45 |   119 ||   164
  Use: Scroll            |     2 |     7 ||     9
       Potion            |     2 |     3 ||     5
 Stab: Invisible         |     1 |       ||     1
  Eat: Chunk             |       |     3 ||     3
       Ration            |       |     2 ||     2
Armor: Robe              |     2 |     8 ||    10
       Ring mail         |       |    23 ||    23
       Animal skin       |       |     2 ||     2
       Skin              |       |     2 ||     2
Dodge: Dodged            |    42 |    80 ||   122
       Rpst.: Falchion   |       |     8 ||     8
